Map: Lightshade LE

Players

A.I. 1 (Elite)

  • Race: Protoss Protoss

joan - Winner!

  • Race: Protoss Protoss

VOD

Have the link to the VOD?

Description

Time

  • Played on: May 18, 2021, 7:18 p.m.
  • Length: 12:40
Show
View Real Time Build Order
Export as new Build Order

A.I. 1 (Elite) Protoss 

Build Orders: Archon Immortal, Colossus Rush 

Get SALT Encoding   

  12  0:00  Probe  
  13  0:13  Probe  
  14  0:19  Pylon  
  14  0:25  Probe  
  15  0:33  Probe  
  15  0:41  Probe  
  16  0:47  Assimilator  
  17  0:50  Gateway  
  17  0:51  Probe  
  18  1:00  Pylon, Probe  
  19  1:08  Probe  
  19  1:18  Probe  
  21  1:30  Probe  
  22  1:39  Zealot  
  24  1:40  Cybernetics Core  
  24  1:42  Probe  
  25  1:58  Nexus, Probe  
  26  2:07  Probe  
  26  2:08  Warp Gate  
  26  2:15  Probe  
  27  2:18  Stalker  
  30  2:26  Pylon  
  30  2:27  Probe  
  31  2:39  Gateway  
  31  2:41  Assimilator  
  31  2:44  Probe  
  31  2:48  Adept  
  34  2:56  Pylon, Probe  
  35  3:05  Probe  
  35  3:10  Probe  
  37  3:13  Probe  
  37  3:18  Adept  
  40  3:22  Robotics Facility  
  40  3:26  Adept  
  40  3:27  Probe  
  42  3:30  Probe  
  44  3:39  Probe  
  45  3:42  Probe  
  45  3:47  Adept  
  48  3:51  Probe  
  48  3:54  Probe  
  50  4:02  Probe  
  50  4:04  Adept  
  50  4:07  Probe  
  54  4:10  Probe  
  54  4:11  Pylon  
  54  4:14  Observer, Robotics Bay  
  56  4:18  Probe  
  56  4:19  Probe  
  56  4:21  Robotics Facility  
  56  4:22  Adept  
  60  4:27  Pylon  
  60  4:29  Stalker  
  62  4:36  Stalker  
  64  4:38  Probe  
  64  4:40  Pylon, Probe  
  66  5:00  Gateway  
  66  5:10  Zealot  
  66  5:11  Pylon  
  66  5:13  Colossus, Zealot  
  76  5:22  Pylon  
  76  5:28  Zealot  
  78  5:30  Zealot  
  80  5:45  Probe x2, Stalker  
  80  5:47  Assimilator  
  84  5:50  Twilight Council  
  84  5:53  Nexus, Forge  
  84  5:55  Assimilator  
  84  6:02  Sentry  
  86  6:08  Forge  
  86  6:09  Probe x2  
  86  6:11  Pylon  
  88  6:17  Probe  
  88  6:18  Probe  
  90  6:25  Probe  
  90  6:32  Templar Archives  
  91  6:39  Pylon  
  91  6:46  Gateway  
  91  7:00  Photon Cannon, Stalker  
  93  7:04  Pylon, Stalker  
  93  7:06  Probe  
  93  7:07  Probe x2  
  93  7:08  High Templar  
  100  7:17  Pylon, Zealot, Assimilator  
  100  7:18  Probe, Assimilator  
  100  7:19  Probe x2  
  105  7:27  Stalker  
  107  7:30  Zealot, Probe  
  107  7:31  Probe  
  107  7:32  Probe  
  107  7:33  Immortal  
  116  7:40  Zealot, Stalker  
  116  7:43  Probe x2  
  122  7:44  Probe, Stalker  
  122  7:47  Pylon  
  122  7:49  Immortal  
  122  7:50  Zealot  
  131  7:55  Probe x2  
  131  7:57  Probe  
  134  8:00  High Templar  
  134  8:01  Protoss Ground Weapons Level 1  
  134  8:03  Sentry  
  134  8:05  Probe  
  138  8:07  Protoss Ground Armor Level 1, Probe, Stalker  
  138  8:08  Probe  
  138  8:11  Pylon, Stalker  
  149  8:13  Immortal  
  149  8:22  Archon  
  149  8:26  Stalker  
  151  8:27  Photon Cannon  
  151  8:30  Photon Cannon, High Templar  
  151  8:31  Sentry  
  151  8:32  Charge  
  151  8:33  Pylon  
  155  8:38  Photon Cannon  
  155  8:40  Pylon, High Templar  
  157  8:54  Nexus  
  157  8:56  Archon  
  157  8:57  High Templar  
  157  9:00  Photon Cannon  
  157  9:01  Warp Prism  
  157  9:02  Photon Cannon  
  159  9:04  High Templar  
  159  9:07  Warp Prism  
  159  9:08  Pylon  
  165  9:22  Psionic Storm  
  165  9:31  Observer, Pylon  
  165  9:32  Zealot x2  
  165  9:34  Zealot  
  165  9:35  Photon Cannon  
  165  9:37  Zealot  
  168  9:44  Observer  
  147  9:52  Immortal, Zealot x2  
  135  9:54  Adept  
  135  9:57  Zealot  
  105  10:05  Immortal  
  103  10:12  Zealot, Stalker  
  107  10:14  Zealot  
  107  10:16  Assimilator  
  107  10:17  Sentry  
  111  10:21  Immortal  
  111  10:22  Assimilator  
  109  10:32  Zealot  
  109  10:34  High Templar  
  109  10:35  Sentry  
  101  10:40  Sentry  
  103  10:43  Pylon  
  103  10:44  Immortal  
  97  10:52  Adept  
  84  10:58  Zealot  
  84  11:03  Stalker  
  72  11:06  Nexus, Adept  
  61  11:12  Zealot, Assimilator  
  61  11:18  High Templar  
  55  11:20  Zealot  
  42  11:26  High Templar  
  9  11:57  Probe  
Show
View Real Time Build Order
Export as new Build Order

joan Protoss - Winner!

Build Orders: 1 Gate Expand, Archon Immortal 

Get SALT Encoding   

  12  0:00  Probe  
  13  0:12  Probe  
  14  0:17  Pylon  
  14  0:24  Probe (Chrono Boost)  
  15  0:36  Probe (Chrono Boost)  
  15  0:37  Gateway  
  16  0:44  Probe (Chrono Boost)  
  16  0:46  Assimilator  
  17  0:52  Probe  
  18  1:05  Probe  
  19  1:17  Probe  
  20  1:23  Nexus  
  20  1:32  Cybernetics Core  
  20  1:35  Probe  
  21  1:44  Pylon  
  21  1:47  Assimilator  
  21  1:51  Probe  
  22  2:03  Probe  
  23  2:09  Stalker, Warp Gate  
  23  2:15  Probe  
  26  2:20  Gateway  
  26  2:27  Probe (Chrono Boost)  
  27  2:32  Robotics Facility  
  27  2:36  Probe (Chrono Boost)  
  29  2:45  Probe (Chrono Boost)  
  29  2:46  Probe (Chrono Boost), Sentry  
  32  2:51  Probe (Chrono Boost)  
  32  2:52  Probe (Chrono Boost)  
  34  3:02  Probe  
  34  3:03  Probe  
  36  3:06  Pylon  
  36  3:12  Stalker  
  36  3:14  Probe  
  36  3:15  Probe  
  36  3:17  Sentry  
  42  3:25  Pylon  
  42  3:26  Probe  
  43  3:27  Probe  
  43  3:30  Observer  
  45  3:38  Probe  
  45  3:40  Probe  
  47  3:43  Nexus  
  47  3:47  Pylon  
  47  3:50  Probe  
  47  3:52  Assimilator  
  47  3:54  Assimilator  
  48  3:56  Probe  
  48  4:00  Stalker  
  51  4:09  Immortal  
  55  4:11  Probe  
  55  4:12  Probe  
  57  4:22  Stalker  
  57  4:23  Probe  
  60  4:24  Probe, Stalker  
  63  4:35  Probe  
  63  4:36  Probe  
  65  4:47  Probe  
  65  4:48  Immortal  
  70  4:54  Probe  
  70  4:58  Probe  
  70  4:59  Probe  
  73  5:03  Forge  
  73  5:05  Forge  
  73  5:07  Probe  
  74  5:10  Stalker  
  74  5:11  Twilight Council  
  74  5:12  Sentry  
  74  5:13  Probe  
  79  5:15  Probe  
  79  5:16  Pylon  
  79  5:19  Probe  
  79  5:20  Pylon  
  81  5:26  Probe  
  81  5:27  Probe  
  83  5:32  Probe  
  83  5:35  Immortal  
  88  5:38  Probe  
  88  5:39  Probe  
  90  5:43  Stalker x2  
  90  5:44  Protoss Ground Weapons Level 1 (Chrono Boost), Probe  
  90  5:45  Protoss Ground Armor Level 1 (Chrono Boost)  
  90  5:48  Pylon  
  95  5:50  Probe  
  95  5:51  Pylon, Probe  
  95  5:56  Charge (Chrono Boost), Probe  
  98  6:02  Probe  
  98  6:03  Probe  
  100  6:06  Assimilator  
  100  6:09  Probe  
  100  6:10  Assimilator  
  101  6:14  Nexus  
  101  6:16  Pylon  
  101  6:18  Probe x2  
  103  6:21  Probe  
  104  6:25  Templar Archives  
  104  6:28  Immortal  
  108  6:34  Stalker x2  
  108  6:36  Probe x2  
  108  6:37  Probe  
  115  6:48  Probe x2  
  115  6:49  Probe  
  115  6:50  Gateway  
  115  6:52  Gateway  
  118  6:55  Pylon  
  118  6:57  Pylon  
  118  7:00  Probe x2  
  120  7:06  Probe  
  121  7:09  Zealot  
  121  7:10  Zealot  
  121  7:13  Probe  
  121  7:14  Immortal  
  130  7:23  Pylon  
  130  7:26  Pylon  
  130  7:30  Pylon, Probe x4  
  130  7:35  Pylon, Assimilator  
  130  7:36  Protoss Ground Armor Level 2 (Chrono Boost), Protoss Ground Weapons Level 2 (Chrono Boost)  
  130  7:37  High Templar x2, Assimilator  
  136  7:42  Probe x3  
  141  7:52  Probe  
  141  7:53  High Templar  
  141  7:54  High Templar, Probe  
  141  7:55  Archon  
  147  8:05  Gateway  
  147  8:07  Gateway  
  147  8:09  Gateway  
  147  8:11  Gateway  
  147  8:13  Gateway  
  147  8:16  Gateway x2  
  147  8:21  High Templar, Gateway  
  147  8:22  Immortal (Chrono Boost), Archon, High Templar  
  147  8:23  Gateway  
  147  8:26  Zealot, Gateway  
  157  8:27  Zealot  
  157  8:28  Gateway  
  159  8:38  Nexus  
  159  8:41  Pylon  
  159  8:44  Pylon  
  159  8:48  High Templar x2  
  161  8:52  Archon  
  161  8:53  Archon  
  163  9:07  Warp Prism (Chrono Boost)  
  167  9:15  Zealot x9  
  183  9:26  Zealot x6  
  185  9:38  High Templar  
  185  9:39  High Templar x8  
  185  9:45  Archon x4  
  163  9:59  High Templar x2  
  149  10:00  High Templar x3  
  149  10:02  Zealot  
  149  10:05  Archon  
  149  10:06  Archon x2  
  153  10:13  Warp Prism  
  155  10:27  Assimilator  
  153  10:31  Assimilator  
  153  10:32  Gateway  
  153  10:35  Gateway  
  151  10:37  Gateway  
  151  10:40  Zealot, Gateway x2  
  151  10:41  Zealot x14  
  173  10:43  Gateway  
  173  10:46  Gateway  
  173  10:48  Gateway  
  171  10:54  Gateway  
  171  10:57  Gateway  
  169  11:07  Gateway  
  169  11:09  Gateway  
  169  11:10  Gateway  
  169  11:14  Gateway  
  169  11:16  Gateway  
  169  11:18  Gateway  
  165  11:20  Gateway  
  165  11:21  Robotics Facility  
  165  11:22  Gateway  
  165  11:23  Gateway  
  165  11:24  Gateway  
  157  11:27  Zealot x5  
  157  11:28  Zealot x11, Gateway  
  175  11:52  Zealot  
  175  11:53  Zealot x11  
  199  12:19  Observer  
Tags
 
Add a new tag
Caveats
  • Supply blocks, unpowered buildings, or Contaminate may cause inaccurate times.
  • Supply counts are checked every 10 seconds.